[Event "34th Pula Open 2022"]
[Site "Pula"]
[Date "2022.06.24"]
[Round "8.10"]
[White "Sterck, Arno"]
[Black "Medancic, Rikard"]
[Result "1/2-1/2"]
[ECO "C55"]
[WhiteElo "2245"]
[BlackElo "2145"]
[Annotator "TA"]
[PlyCount "138"]
[EventDate "2022.06.18"]
[EventType "swiss"]
[EventCountry "CRO"]
[SourceTitle "playchess.com"]
[Source "ChessBase"]
[SourceQuality "1"]
[TimeControl "5400+30"]

1. e4 e5 2. Nf3 Nc6 3. Bc4 Be7 4. O-O Nf6 5. d3 O-O 6. Nc3 d6 7. a4 {[%emt 0:00:06] C55: Two Knights: 4 d3, 4 d4 exd4 5 e5 and Max Lange Attack.} Be6 $1 {[%emt 0:02:21][%mdl 4] outshines the older 7...Bg4.} 8. Nd5 Bxd5 9. exd5 Nb8 10. d4 {[%emt 0:01:40] [#]} e4 $146 ({Predecessor:} 10... Nbd7 11. a5 a6 12. Re1 exd4 13. Qxd4 Re8 14. Bd2 Bf8 15. Bg5 h6 16. Bd2 Nh7 {½-½ (37) Berry,G-Barnes,D corr 1985}) 11. Nd2 c6 12. f3 cxd5 13. Ba2 Nc6 14. c3 a6 15. Qe2 e3 16. Qxe3 Qa5 17. Bb1 Rfe8 18. Qd3 Rac8 19. Rf2 Qb6 20. Bc2 Bf8 21. Nf1 $1 Re1 22. Rb1 {[%emt 0:01:29] And now Bg5 would win.} g6 23. Bg5 Rxb1 24. Bxb1 Bg7 25. Ne3 Qb3 26. Re2 h6 27. Bh4 Kf8 28. Qd1 Qxd1+ 29. Nxd1 b5 30. Bg3 Rd8 31. Bd3 (31. axb5 $142 axb5 32. h3) 31... Na7 (31... bxa4 $142 32. Be1 (32. Bxa6 Nh5 $16) 32... Na5) 32. Ne3 $16 Kg8 33. Kf1 (33. axb5 $18 Nxb5 34. Bh4) 33... Bf8 (33... bxa4 $16 {might work better.} 34. Bxa6 Rb8) 34. Bh4 g5 35. Bg3 Rc8 (35... bxa4 $16 36. Bxa6 Rb8) 36. Nf5 (36. Re1 $18) 36... bxa4 37. Bxa6 Rc6 38. Bd3 {[%emt 0:01:32][%cal Oe2e7] 0x0.0022fb336d48dp-1022s more active pieces. A strong pair of Bishops.} a3 39. bxa3 (39. Ne3 $16) 39... Rxc3 $11 40. Re3 Rxa3 41. Nxd6 {[%emt 0:00:05][%cal Od3h7] Bh7+! is the strong threat.} Ra1+ 42. Kf2 Nc6 43. Nf5 Ra2+ (43... Nh5 {is interesting.} 44. Bb5 Nb4 45. Re8 Ra2+) 44. Be2 Ra4 (44... Bb4 $11) 45. Rc3 $16 Ne7 46. Nxe7+ Bxe7 47. Rc7 Kf8 {[%emt 0:01:19] [#]} 48. Be5 (48. Rc8+ $1 $16 Kg7 49. Be5) 48... Ra8 49. h3 Rd8 50. Rc6 Nd7 (50... Ne8 $11) 51. Bc7 Ra8 52. Bd3 Bf6 53. Bd6+ Kg7 54. Bf5 Bxd4+ 55. Kg3 Ra7 ({Better is} 55... Ne5 $17 56. Bxe5+ Bxe5+ 57. Kf2 Ra2+ 58. Rc2 Ra3) 56. Rc7 Rxc7 57. Bxc7 Be5+ 58. Bxe5+ Nxe5 $15 {[%emt 0:00:05][%mdl 4096] Endgame KB-KN} 59. f4 Nc4 60. fxg5 hxg5 61. h4 gxh4+ 62. Kxh4 Ne3 (62... Kf6 $15 63. Bb1 Ke6) 63. Bb1 $11 Nxg2+ 64. Kg5 {[%emt 0:00:32] [#]} (64. Kg3 $1 $11) 64... Ne3 ({Black should try} 64... f6+ $1 $17 65. Kg4 Kf7) 65. Ba2 {[%emt 0:00:19] The position is equal.} Nc4 {[%emt 0:00:22] aiming for ...f6+.} 66. Kf5 $1 f6 {[%emt 0:00:39] Strongly threatening ...Kf7.} (66... Kf8 $5) 67. Ke6 $1 Nb6 68. Kd6 d4 {[%emt 0:00:43] ( -> ...Na4)} 69. Kc5 Nd7+ {[%emt 0:00:29] Black defended with fortune.  Weighted Error Value: White=0.23 (precise) /Black=0.19 (very precise)} 1/2-1/2

[Event "34th Pula Open 2022"]
[Site "Pula"]
[Date "2022.06.24"]
[Round "8.11"]
[White "Ragger, Anna-Christina"]
[Black "Jurakic, Lukas"]
[Result "1/2-1/2"]
[ECO "D00"]
[WhiteElo "2141"]
[BlackElo "2147"]
[Annotator "TA"]
[PlyCount "143"]
[EventDate "2022.06.18"]
[EventType "swiss"]
[EventCountry "CRO"]
[SourceTitle "playchess.com"]
[Source "ChessBase"]
[SourceQuality "1"]
[TimeControl "5400+30"]

1. d4 Nf6 2. Bf4 e6 3. e3 d5 4. Nd2 Bd6 5. Bg3 O-O 6. Bd3 {[%emt 0:00:47] D00: 1 d4 d5: Unusual lines.} c5 7. c3 Qc7 8. Bxd6 Qxd6 9. f4 b6 {[%emt 0:07:29] 9...cxd4 gains popularity.} 10. Ngf3 cxd4 11. cxd4 Ba6 12. Bxa6 Nxa6 13. a3 Rfc8 14. O-O Nc7 {[%emt 0:14:32] [#]} 15. Rc1 $146 ({Predecessor:} 15. Ne5 Nce8 16. Qa4 Qc7 17. b4 Nd6 18. Qb3 Qc3 19. Rfd1 Nfe4 20. Qxc3 Rxc3 21. Nxe4 Nxe4 {0-1 (42) Livaic,L (2492)-Svane,R (2608) Chess.com INT 2020}) 15... Nce8 16. Qa4 Qd7 17. Qxd7 Nxd7 18. Ne5 Ndf6 19. Nc6 Kf8 {[%emt 0:00:49] Against Ne7} 20. Rc3 Nd6 21. Rfc1 $1 Nfe4 22. Nxe4 Nxe4 23. R3c2 Nd6 24. Kf2 Ke8 25. a4 f6 26. Nb4 $1 Kd7 27. g4 a5 28. Nd3 Rxc2+ 29. Rxc2 $11 {[%emt 0:00:03][%mdl 4096] Endgame KRN-KRN} Rb8 30. Kf3 Ne4 31. f5 exf5 32. gxf5 Kd6 33. b4 {[%emt 0:01:43] [#] Black must now prevent b5.} axb4 34. Nxb4 Ng5+ $1 35. Kf4 Re8 $1 36. Rc3 h5 {[%emt 0:00:23] [#] Strongly threatening ...Re4+.} 37. Rc6+ Kd7 38. Rxb6 Re4+ 39. Kg3 Rxe3+ 40. Kf2 Ra3 41. Nxd5 Rxa4 42. Nf4 {[%emt 0:01:24] The position is equal.} Rxd4 43. Nxh5 Rh4 {[%emt 0:01:01] Threatens to win with ...Kc7.} 44. Nxg7 Rxh2+ 45. Kg3 Ra2 46. Kg4 Ke7 47. Kh5 Ne4 48. Rb7+ Kf8 49. Ne6+ Ke8 50. Rb8+ Ke7 51. Nf4 Ra1 52. Rb7+ Ke8 53. Rb4 Rh1+ 54. Kg6 Rg1+ 55. Kh6 Nd6 56. Rb8+ Kf7 57. Kh5 Rg5+ 58. Kh4 $1 Rxf5 59. Kg4 Ra5 60. Rb3 Ra7 61. Rd3 Nc4 {[%emt 0:00:17] ...Ne5+ is the strong threat.} 62. Rh3 {[%emt 0:00:25] Threatening mate with Rh7+.} Ra5 63. Rh7+ Kg8 64. Rc7 Ra4 65. Kf5 Ne3+ 66. Kg6 Kf8 67. Ne6+ Ke8 68. Ng7+ Kd8 $1 69. Ne6+ Ke8 70. Ng7+ Kd8 $1 71. Ne6+ Ke8 72. Ng7+ {[%emt 0:00:03] Weighted Error Value: White=0.03 (flawless) /Black=0.02 (flawless)} 1/2-1/2

[Event "34th Pula Open 2022"]
[Site "Pula"]
[Date "2022.06.24"]
[Round "8.12"]
[White "Terryn, Ezra"]
[Black "Cvitan, Ena"]
[Result "0-1"]
[ECO "B22"]
[WhiteElo "2132"]
[BlackElo "2251"]
[Annotator "TA"]
[PlyCount "52"]
[EventDate "2022.06.18"]
[EventType "swiss"]
[EventCountry "CRO"]
[SourceTitle "playchess.com"]
[Source "ChessBase"]
[SourceQuality "1"]
[TimeControl "5400+30"]

1. e4 c5 2. d4 cxd4 3. c3 Nf6 4. e5 Nd5 5. cxd4 d6 6. Bc4 e6 7. Nf3 Be7 8. O-O {[%emt 0:00:27] B22: Sicilian: 2 c3.} O-O 9. Re1 b6 10. Qe2 {[%emt 0:08:16] The position is equal.} Bb7 {[%emt 0:10:15] [#]} 11. Nbd2 $146 (11. Rd1 $11) ({Predecessor:} 11. Bxd5 Bxd5 12. Nc3 dxe5 13. Nxd5 Qxd5 14. dxe5 Nd7 15. Bg5 Bxg5 16. Red1 h6 17. Rxd5 exd5 {1-0 (50) Jenni,F (2456)-Pavlidis,A (2536) Chess.com INT 2020}) 11... dxe5 (11... Nf4 $5 12. Qe3 dxe5 $15) 12. dxe5 (12. Nxe5 $11 Nc6 13. Ndf3) 12... Nf4 $1 $17 13. Qe3 {[%emt 0:07:38] [#]} Ng6 {[%emt 0:13:40] Black is more active.} 14. b3 Bc5 15. Qc3 (15. Qe2 $1 $15) 15... Nd7 ({Black should try} 15... b5 $17 {...Qb6 is the strong threat.} 16. Bf1 (16. Bxb5 $2 Qb6 $19) 16... Qb6) 16. Bb2 (16. b4 $1 $15 Be7 17. Bb2) 16... Rc8 $36 {[%emt 0:00:13][%cal Ob6b5][%mdl 2048] Hoping for ...b5! Black is on the roll.} 17. b4 {[%emt 0:06:02] [#]} (17. a4 $17) 17... Bxf2+ $1 $19 18. Kxf2 {[%emt 0:00:26] Strongly threatening Qd3.} b5 $1 19. Qd4 bxc4 20. Rad1 Qb6 21. Rc1 (21. Qxb6 {was worth a try.} Nxb6 22. Ne4) 21... Nf4 ({Worse is} 21... Qxb4 22. Nxc4 Rfd8 23. Nd6 Qxd4+ 24. Bxd4 (24. Nxd4 $2 {is the wrong capture.} Rxc1 25. Rxc1 Bd5 $19) 24... Rxc1 25. Rxc1 Bxf3 26. gxf3 $19) 22. Rxc4 Rxc4 {[%emt 0:03:26] Really sharp!} 23. Nxc4 Nd3+ 24. Ke2 Qxd4 25. Bxd4 Nxe1 26. Nxe1 (26. Kxe1 Bd5 27. Ne3) 26... Ba6 {[%emt 0:00:20] White got outplayed after the opening.  Weighted Error Value: White=0.56/Black=0.09 (flawless)} 0-1

[Event "34th Pula Open 2022"]
[Site "Pula"]
[Date "2022.06.25"]
[Round "9.1"]
[White "Pastar, Slaven"]
[Black "Zufic, Miroslav"]
[Result "1/2-1/2"]
[ECO "A30"]
[WhiteElo "2300"]
[BlackElo "2384"]
[Annotator "TA"]
[PlyCount "68"]
[EventDate "2022.06.18"]
[EventType "swiss"]
[EventCountry "CRO"]
[SourceTitle "playchess.com"]
[Source "ChessBase"]
[SourceQuality "1"]
[TimeControl "5400+30"]

1. Nf3 Nf6 2. g3 b6 3. Bg2 Bb7 4. b3 g6 5. Bb2 Bg7 6. c4 c5 7. d4 cxd4 8. Qxd4 d6 9. O-O Nbd7 10. Nc3 O-O 11. Qd2 {[%emt 0:00:48] A30: Symmetrical English: Double Fianchetto and Hedgehog.} Ne4 12. Nxe4 Bxe4 13. Bxg7 {[%emt 0:03:37] White is slightly better.} Kxg7 {[%emt 0:03:25] [#]} 14. Ne1 $146 ({Predecessor:} 14. Qd4+ Nf6 15. Rfd1 Qc7 16. g4 h6 17. h4 e5 18. Qxd6 Qxd6 19. Rxd6 Nxg4 20. Nxe5 Bxg2 21. Nxg4 {1-0 (68) Urban,K (2453)-Schmidt,W (2382) Police 2012}) 14... Nf6 15. Bxe4 Nxe4 16. Qd4+ Nf6 17. Ng2 Qc7 18. Ne3 Kg8 19. Nd5 Nxd5 20. cxd5 Rfc8 21. Qe3 Qb7 22. Rad1 (22. Rac1 {with more complications.} Qxd5 23. Qxe7 Re8 24. Qf6) 22... Rc5 (22... Rc2 $5 ) 23. Rd4 Rxd5 24. Rxd5 Qxd5 25. Qxe7 $11 {[%emt 0:00:18][%mdl 4096] Endgame KQR-KQR} a5 26. Rc1 Qd2 27. Rc7 Rf8 28. Rb7 Qxa2 29. Rxb6 Qb1+ 30. Kg2 a4 {[%emt 0:00:02] The position is equal.} 31. Qxd6 Qe4+ 32. Kg1 Qb1+ 33. Kg2 Qe4+ 34. Kg1 Qb1+ {[%emt 0:00:00] Weighted Error Value: White=0.05 (flawless) /Black=0.04 (flawless)} 1/2-1/2

[Event "34th Pula Open 2022"]
[Site "Pula"]
[Date "2022.06.25"]
[Round "9.3"]
[White "Nikcevic, Nebojsa"]
[Black "Stankovic, Boris"]
[Result "1-0"]
[ECO "E60"]
[WhiteElo "2387"]
[BlackElo "2287"]
[Annotator "TA"]
[PlyCount "111"]
[EventDate "2022.06.18"]
[EventType "swiss"]
[EventCountry "CRO"]
[SourceTitle "playchess.com"]
[Source "ChessBase"]
[SourceQuality "1"]
[TimeControl "5400+30"]

1. d4 Nf6 2. c4 g6 3. f3 Bg7 4. e4 d6 5. Ne2 O-O 6. Bg5 {[%emt 0:00:49] E60: King's Indian: Unusual lines and Fianchetto Variation without Nc3.} c5 7. d5 Qb6 8. Bc1 {[%emt 0:00:47] White has an edge.} e6 9. Nec3 $1 {[%emt 0:02:34] [#]} Nh5 $146 ({Predecessor:} 9... Ne8 10. Be2 f5 11. O-O Qd8 12. Bd2 fxe4 13. fxe4 Rxf1+ 14. Qxf1 Nd7 15. dxe6 Bd4+ 16. Kh1 Ne5 17. e7 Qxe7 18. Nd5 Qg7 19. Nbc3 Bg4 20. Bg5 {½-½ (20) O'Hare,C (2450)-Novak,V (2449) ICCF email 2016}) 10. g4 Nf6 11. Na3 (11. Be2 $14) 11... a6 12. Nc2 exd5 13. exd5 Re8+ (13... Qd8 $5 ) 14. Kf2 Qd8 15. h3 Nfd7 16. Bf4 Ne5 17. Qd2 f5 18. g5 Nbd7 19. a4 {[%emt 0:00:41] Prevents b5.} Qa5 20. Nd1 Qxd2+ 21. Bxd2 Nb6 22. b3 f4 23. Ra2 Bf5 24. Ne1 Re7 (24... Rf8 $11 {feels stronger.}) 25. h4 (25. Bxf4 $14 Rf8 26. Re2) 25... Nbd7 (25... Rae8 $11 26. Bxf4 Nexc4 $1 27. Bxc4 Bd4+ 28. Kg2 Rxe1 29. Rxe1 Rxe1) 26. Bh3 Rf8 27. Bxf5 Rxf5 28. Nc3 {[%emt 0:00:46] Inhibits b5.} h6 {[%emt 0:01:54] [#]} ({Better is} 28... Nf7 $14) 29. gxh6 $1 $16 Bxh6 30. Ne4 Nf7 31. Nd3 Nf6 32. Nxf6+ Rxf6 33. Raa1 Rf5 34. Rae1 Kf8 35. Rxe7 Kxe7 36. Re1+ Ne5 37. Bc3 Bg7 38. Bxe5 {[%emt 0:00:40] White is more active.} Bxe5 39. Nxe5 dxe5 {[%emt 0:00:01][%mdl 4096] Endgame KR-KR} 40. Rg1 Rf6 (40... Kf6 $14) 41. Ke2 Rb6 42. a5 $1 Rxb3 43. Rxg6 {[%emt 0:00:05] Strongly threatening h5.} Re3+ $2 {[%emt 0:00:21][%mdl 8192] This move loses the game for Black.} (43... Rc3 $14) 44. Kf2 $18 {[%emt 0:00:20] Black must now prevent h5.} Rc3 $2 {[%emt 0:00:26] [#]} (44... Kf7 {was worth a try.} 45. Rb6 Ra3) 45. h5 $1 {[%emt 0:00:23][%cal Bh4h5,Bh5h6,Bh6h7][%mdl 32] h6 is the strong threat.} Kf7 46. Rb6 Rxc4 47. Rxb7+ Kf6 48. h6 {[%emt 0:00:55] White wants to mate with h7.} Rc2+ 49. Ke1 Rh2 50. h7 e4 51. d6 Rh1+ 52. Ke2 Rh2+ 53. Kf1 {[%emt 0:00:05] d7 would kill now.} Ke6 54. d7 Rxh7 {[%emt 0:00:05] [#]} 55. d8=Q $1 Rxb7 56. fxe4 {[%emt 0:00:30] Weighted Error Value: White=0.08 (flawless) /Black=0.53} (56. Qc8+ $142 Rd7 57. fxe4) 1-0

[Event "34th Pula Open 2022"]
[Site "Pula"]
[Date "2022.06.25"]
[Round "9.4"]
[White "Popovic, Milan S"]
[Black "Makovec, Bruno"]
[Result "1/2-1/2"]
[ECO "B12"]
[WhiteElo "2383"]
[BlackElo "2215"]
[Annotator "TA"]
[PlyCount "57"]
[EventDate "2022.06.18"]
[EventType "swiss"]
[EventCountry "CRO"]
[SourceTitle "playchess.com"]
[Source "ChessBase"]
[SourceQuality "1"]
[TimeControl "5400+30"]

1. e4 c6 2. d4 d5 3. f3 dxe4 4. fxe4 e5 5. Nf3 Bg4 6. c3 {[%emt 0:00:37] B12: Caro-Kann: Advance Variation.} Nd7 7. Bd3 $1 {[%emt 0:02:03] The main line 7.Bd3 scores better than 7.Bc4.} Bd6 8. Nbd2 {[%emt 0:00:44][%cal Bb1d2,Bd2f1,Bf1e3][%mdl 32] White has an edge.} b5 {[%emt 0:16:25] Prevents Nc4.} 9. a4 a6 10. Nf1 {[%emt 0:00:14] [#]} Ne7 $146 ({Predecessor:} 10... Ngf6 11. Ne3 Bxf3 12. Qxf3 exd4 13. cxd4 Bb4+ 14. Ke2 O-O 15. e5 Re8 16. Rd1 c5 17. exf6 cxd4 {1-0 (26) Sochacki,C (2490)-Blasco Coll,A (2198) Barcelona 2021}) 11. Ne3 Bh5 (11... Bxf3 $11 {remains equal.} 12. Qxf3 O-O) 12. g4 $16 Bg6 13. Nf5 Bxf5 14. gxf5 O-O 15. O-O c5 16. d5 {[%emt 0:05:53] White is more active.} ({Better is} 16. axb5 $16 {aiming for dxe5.} cxd4 17. bxa6 (17. Rxa6 Rxa6 18. bxa6 dxc3 $16) (17. cxd4 axb5 18. Rxa8 Qxa8 $16)) 16... c4 $14 17. Bc2 f6 (17... Kh8 $11) 18. Be3 (18. Kh1 $16) 18... Qc7 (18... Nc8 $11) 19. Kh1 $16 Nc5 (19... Rab8 $142) 20. Rg1 {[%emt 0:06:31] axb5 is the strong threat.} Rab8 21. axb5 Rxb5 (21... axb5 $16 22. Qd2 Rf7) 22. Qe2 $2 {[%emt 0:10:11] [#]} (22. Nd2 $18 {and White stays clearly on top.}) 22... Rxb2 23. Bc1 $40 {[%emt 0:01:17][%mdl 128] White has strong attack.} ({Much worse is} 23. Qg2 $6 Nc8 $11) 23... Rxc2 24. Qxc2 $18 Nd3 25. Bh6 ({Don't do} 25. Rxa6 $6 Bc5 $16) 25... Rf7 26. Rxa6 Bc5 27. Rg3 ({Much less strong is} 27. Ra8+ Nc8 28. Rg2 Qb7 $16) 27... Qb7 $2 {[%emt 0:00:37] [#]} (27... Kh8 $16 {might work better.}) 28. Ra1 (28. Ra4 $1 $18 {[%cal Ra4c4] and the rest is easy.}) 28... Kf8 29. Qa4 $2 {[%emt 0:00:51] Weighted Error Value: White=0.38/Black=0.36} 1/2-1/2

[Event "34th Pula Open 2022"]
[Site "Pula"]
[Date "2022.06.25"]
[Round "9.5"]
[White "Lindgren, Philip"]
[Black "Rubil, Marko"]
[Result "1-0"]
[ECO "A85"]
[WhiteElo "2369"]
[BlackElo "2272"]
[Annotator "TA"]
[PlyCount "115"]
[EventDate "2022.06.18"]
[EventType "swiss"]
[EventCountry "CRO"]
[SourceTitle "playchess.com"]
[Source "ChessBase"]
[SourceQuality "1"]
[TimeControl "5400+30"]

1. d4 f5 2. Nf3 Nf6 3. c4 g6 4. Nc3 Bg7 5. Bf4 O-O 6. e3 d6 7. c5 {[%emt 0:00:43] The modern move. A85: Dutch Defence: 2 c4 Nf6 3 Nc3.} h6 8. Bc4+ Kh7 (8... e6 $11) 9. h4 $1 $16 {[%emt 0:03:00][%cal Of3g5] White is much more active. The black rooks are badly placed. White is better.} Nh5 {[%emt 0:00:08] [#]} (9... d5 $16 {was necessary.} 10. Be2 c6) 10. Qc2 $146 ({White must play} 10. Ng5+ $1 $18 Kh8 11. Nf7+ Rxf7 12. Bxf7) ({Predecessor:} 10. Qe2 Nc6 11. O-O-O e6 12. d5 exd5 13. Nxd5 Ne5 14. Bxe5 dxe5 15. Nb6 Qe7 16. Nxa8 Qxc5 {1-0 (25) Tang,A (2501)-Stefansson,V (2293) Chess.com INT 2019}) 10... c6 11. cxd6 exd6 12. O-O-O (12. Bh2 $14) 12... b5 $1 $11 13. Bd3 Na6 14. Qd2 Nb4 (14... Nxf4 15. exf4 h5 16. Ng5+ Kh6 17. Kb1 $11) 15. Be2 Be6 $1 (15... Nxf4 $6 16. exf4 Be6 17. a3 $11) 16. Kb1 a5 ({Worse is} 16... Nxf4 17. exf4 Qa5 18. a3 $15) 17. Ne1 Nf6 $1 {[%emt 0:14:53] Strongly threatening ...Ne4.} ({Stronger than} 17... Nxf4 18. exf4 Re8 19. h5 $15) 18. f3 {[%emt 0:00:37] Prevents Ne4.} Qe7 19. Nd3 Bc4 20. Nc1 Nfd5 21. Nxd5 Nxd5 22. Bd3 Qf6 23. Bc2 (23. h5 $15 {was preferrable.}) 23... Nxf4 (23... c5 {is more complex.} 24. g4 Nxf4 25. g5 Qf7) 24. exf4 c5 ({Black should play} 24... h5 $1 $17 25. Bb3 a4 26. Bxc4 bxc4) 25. h5 $1 cxd4 26. hxg6+ Qxg6 (26... Kg8 $11) 27. g4 $1 $16 Kh8 (27... Qe6 $142) 28. g5 {[%emt 0:03:15][%cal Oh1h6][%mdl 1024] Rxh6+! is the strong threat. White has strong compensation.} h5 {[%emt 0:01:32] [#]} 29. Rh2 (29. Ne2 $1 $16) 29... Bf7 (29... Kg8 $14) 30. Rdh1 Qe6 31. Re1 Qd7 32. Ne2 Rae8 33. Ng3 Rxe1+ $1 34. Qxe1 d3 $2 ({Black should try} 34... Qe8 $1 $14 35. Qxe8 (35. Qxa5 $2 Qe3 $19) 35... Rxe8 36. Bxf5 Re1+ 37. Kc2 Kg8) 35. Bxd3 $18 Re8 36. Re2 ({White has to play} 36. Qxa5 $18 Qb7 37. Nxh5) 36... Rxe2 $11 37. Qxe2 Bg6 38. Bxb5 Qa7 {[%emt 0:00:13] [#] Black is now going downhill.} (38... Qb7 $11) 39. Be8 $1 $18 Qg1+ (39... Bh7 $16 {was called for.}) 40. Nf1 Bh7 41. Bxh5 $40 {[%emt 0:00:24][%mdl 128] Hoping for Bf7. White is out for blood.} Qd4 $2 (41... Bg8 $16 {is a better chance.}) 42. Bf7 {[%emt 0:00:49] Intending Qe8+ and mate.} Bf8 43. g6 Bg8 $2 (43... Kg7 44. gxh7 Kxf7) 44. Ne3 {[%emt 0:00:40] Threatening mate with Qh2+.} Qxf4 45. Bxg8 Bh6 $2 {[%emt 0:00:56] [#]} (45... Kxg8 46. Ng2 Qe5 47. Qc4+ d5) 46. Be6 $1 {[%emt 0:00:32][%cal Oe2b5] White wants to mate with Qb5!} Qxe3 (46... Qg5 47. Qb5) 47. Qxe3 Bxe3 48. Bxf5 {[%emt 0:00:16][%mdl 4096] Endgame KB-KB} Kg7 49. Kc2 Bd4 50. Bd3 Kf6 51. Kb3 Kg5 52. Ka4 Bxb2 53. Kxa5 {[%emt 0:00:04] White mates.} d5 54. a4 Kf4 55. Kb5 Kxf3 56. a5 Ke3 57. Bb1 d4 58. g7 {[%emt 0:00:18] Weighted Error Value: White=0.38/Black=0.50} 1-0

[Event "34th Pula Open 2022"]
[Site "Pula"]
[Date "2022.06.25"]
[Round "9.7"]
[White "Jahncke, Giso"]
[Black "Cvitan, Ena"]
[Result "1-0"]
[ECO "E04"]
[WhiteElo "2321"]
[BlackElo "2251"]
[Annotator "TA"]
[PlyCount "91"]
[EventDate "2022.06.18"]
[EventType "swiss"]
[EventCountry "CRO"]
[SourceTitle "playchess.com"]
[Source "ChessBase"]
[SourceQuality "1"]
[TimeControl "5400+30"]

1. d4 d5 2. Nf3 e6 3. c4 Nf6 4. g3 Bb4+ 5. Nbd2 dxc4 6. Bg2 O-O 7. O-O Bxd2 {[%emt 0:06:48] [#] E04: Open Catalan: 5 Nf3.} (7... b5 $5 ) 8. Qxd2 $146 ({Predecessor:} 8. Bxd2 Nc6 9. Bg5 h6 10. Bxf6 Qxf6 11. Rc1 e5 12. d5 Rd8 13. Nd2 Ne7 14. e4 b5 15. b3 cxb3 16. Nxb3 c6 {1-0 (43) Xu,X (2574)-Zhou,W (2591) China 2018}) 8... Bd7 9. Qc2 Bc6 {[%emt 0:01:14] White has an edge.} 10. Qxc4 Bd5 11. Qc2 Be4 12. Qc4 Bd5 13. Qc3 Nbd7 14. Bf4 Rc8 15. b4 c6 16. a4 Qe7 17. Qb2 Nb6 18. Ne5 Bxg2 19. Kxg2 Rfd8 20. Rfd1 (20. Bg5 {keeps more tension.} Qd6 21. a5 Nbd5 22. e3) 20... h6 21. h4 a6 22. Qb3 Nfd7 (22... Nbd5 {feels hotter.} 23. Bd2 Ne4 24. Rab1 f6) 23. Nd3 Nd5 24. Be5 Nxe5 (24... b5 $11) 25. dxe5 $14 Qc7 26. Qc4 (26. a5 $14) 26... a5 $11 27. bxa5 Qxa5 28. Nc5 b5 29. Qg4 (29. axb5 $11 Qb6 30. Rdb1) 29... Qa7 (29... Qc7 $1 $15) 30. Ne4 b4 (30... bxa4 $11 31. Rxa4 (31. Nf6+ Kh8 $11) 31... Qc7 32. Nf6+ Kh8 33. Nxd5 exd5) 31. Nf6+ $1 $16 Kh8 32. Nxd5 {[%emt 0:01:13] White is more active.} cxd5 33. Qxb4 Rb8 34. Qd4 Qa5 35. Rdb1 {[%emt 0:01:55] Against Rb4} h5 36. Qf4 {[%emt 0:01:17] [#] Black must now prevent Rxb8.} Kg8 37. Qg5 Rdc8 (37... Rxb1 $16 38. Rxb1 Rc8) 38. Rxb8 $18 ({Don't take} 38. Qxh5 $6 Rxb1 39. Rxb1 Qxa4 $16) 38... Rxb8 39. Qxh5 {[%emt 0:00:10][%mdl 4096] Endgame Qg5 is the strong threat. KQR-KQR} Qc3 40. Rd1 Qc2 $2 {[%emt 0:02:54] [#] This move loses the game for Black.} (40... Qb4 $16) 41. Rd4 $1 Rb1 42. Rf4 g6 $2 (42... Qc7 43. Qg5 Qc1) 43. Qg5 {[%emt 0:00:17] Intending Qd8+ and mate.} Qxe2 44. Qd8+ {[%emt 0:00:11] White mates.} Kg7 45. Qf6+ Kh6 46. Qh8# {[%emt 0:00:06] Weighted Error Value: White=0.12 (very precise) /Black=0.42} 1-0

[Event "34th Pula Open 2022"]
[Site "Pula"]
[Date "2022.06.25"]
[Round "9.8"]
[White "Hadzovic, Amir"]
[Black "Vatter, Hans-Joachim"]
[Result "1-0"]
[ECO "B23"]
[WhiteElo "2270"]
[BlackElo "2195"]
[Annotator "TA"]
[PlyCount "67"]
[EventDate "2022.06.18"]
[EventType "swiss"]
[EventCountry "CRO"]
[SourceTitle "playchess.com"]
[Source "ChessBase"]
[SourceQuality "1"]
[TimeControl "5400+30"]

1. e4 c5 2. Nc3 Nc6 3. Bc4 g6 4. d3 Bg7 5. a3 e6 6. Ba2 {[%emt 0:00:16] B23: Closed Sicilian: Lines without g3.} Nge7 7. h4 h5 8. Bg5 {[%emt 0:05:51] The position is equal.} d6 {[%emt 0:00:26] [#]} 9. Nf3 $146 ({Predecessor:} 9. Qd2 b6 10. Nf3 Bb7 11. O-O Qd7 12. Rab1 O-O 13. Ne2 Rfe8 14. Ng3 Kh7 15. c3 {0-1 (50) Hernandez Guerra,L (1659)-Jaufarally,N (1810) Porto Carras 2018}) 9... a6 10. Qd2 b5 11. O-O Qc7 12. Nd1 O-O 13. c3 a5 14. d4 b4 (14... a4 $11) 15. Ne3 $14 bxc3 16. bxc3 {[%emt 0:00:08] White leaves nothing to chance now.} Kh7 17. Bf4 {[%emt 0:05:33] [#] Black must now prevent dxc5. White is more active.} e5 18. Ng5+ Kg8 (18... Kh8 $16) 19. dxe5 $18 Bxe5 (19... dxe5 {is a better defense.} 20. Bg3 a4) 20. Bxe5 dxe5 21. Nd5 Qd6 22. Qe3 Nxd5 23. exd5 {[%emt 0:00:48][%cal Be4d5,Bd5d6][%mdl 32] [#] Threatens to win with Ne4.} ({Weaker is} 23. Bxd5 Ra6 24. Rfd1 Qe7 $16) 23... Nd8 $2 (23... Ne7 24. Ne4 Qd8 25. Nf6+ (25. Nxc5 Nxd5 26. Qxe5 Nf6 $16) 25... Kg7) 24. Ne4 $1 Qe7 25. Qg3 $2 (25. d6 Qxh4 26. g3) 25... Kg7 26. d6 Qe8 27. Nxc5 f6 28. Rfd1 {[%emt 0:02:35] d7 is the strong threat.} Bd7 $2 (28... Bf5 {was worth a try.} 29. Bb1 Bg4) 29. Rab1 Rc8 30. Na6 (30. Qe3 $142) 30... Ne6 $2 (30... Bf5 31. Rb6 Qa4) 31. Rb7 {[%emt 0:02:34] White is clearly winning.} Nf4 {[%emt 0:01:04] aiming for ...Ne2+.} 32. Qe3 {[%emt 0:00:27] Against Ne2+} Ra8 {[%emt 0:03:39] Inhibits Qa7.} 33. Nc5 Rd8 34. g3 {[%emt 0:00:29] Weighted Error Value: White=0.39/Black=0.48} 1-0